 Dungeon Crawl Stone Soup version 0.27-a0-668-gb5737ff2c0 (webtiles) character file.

Game seed: 16597343454531457538

399255 jasper the Executioner (level 22, -3/214 (217) HPs)
             Began as a Minotaur Berserker on Mar 17, 2021.
             Was the Champion of Trog.
             Slain by an orc warlord
             ... wielding a +4 vorpal glaive
              (9 damage)
             ... on level 4 of the Vaults on Mar 18, 2021.
             The game lasted 01:34:43 (57275 turns).

jasper the Executioner (Minotaur Berserker)        Turns: 57275, Time: 01:34:44

HP:   -3/214 (217)  AC: 22    Str: 27    XL:     22   Next: 24%
MP:   21/21         EV: 19    Int: 13    God:    Trog [******]
Gold: 1354          SH:  0    Dex: 19    Spells: 21/21 levels left

rFire    + + .     SeeInvis +   T - +8 frozen axe "Frostbite" {freezing cloud, *Noise +Fly rC+}
rCold    + + +     Faith    .   (shield currently unavailable)
rNeg     . . .     Spirit   .   t - +2 chain mail {Will+}
rPois    +         Reflect  .   O - +0 hat {Int+3}
rElec    +         Harm     .   Z - scarf {rC+ rF+}
rCorr    .         Rampage  .   K - +0 pair of gloves "Giefa" {Str+4 Slay+2}
Will     +++..                  D - +1 pair of boots
Stlth    ..........             y - amulet of Epuilunn {Acrobat Fragile rPois rF+ Int+6}
HPRegen  1.45/turn              N - ring "Ysecihith" {rElec rC++ Will- Slay+2 SInv}
MPRegen  0.17/turn              i - +4 ring of slaying

@: regenerating, studying Short Blades, lightly drained
A: horns 2, retaliatory headbutt
}: 2/15 runes: barnacled, gossamer
a: Renounce Religion, Evoke Flight, Berserk, Trog's Hand, Brothers in Arms


You were on level 4 of the Vaults.
You worshipped Trog.
Trog was exalted by your worship.
You visited 7 branches of the dungeon, and saw 38 of its levels.
You visited 1 bazaar.
You also visited: Sewer, Bailey, Gauntlet and Volcano.

You collected 4335 gold pieces.
You spent 2981 gold pieces at shops.

Inventory:

Hand Weapons
 o - a +9 executioner's axe of flaming
 T - the +8 frozen axe "Frostbite" (weapon) {freezing cloud, *Noise +Fly rC+}
   (Trog gifted it to you on level 11 of the Dungeon)

   It has been specially enchanted to freeze those struck by it, causing extra
   injury to most foes and up to half again as much damage against particularly
   susceptible opponents.
   It can also slow down cold-blooded creatures.
   It protects you from cold.
   It lets you fly.
   It may make noises in combat.
Missiles
 r - 125 javelins (quivered)
 w - 10 throwing nets
 L - a curare-tipped dart
Armour
 t - a +2 chain mail of willpower (worn)
 D - a +1 pair of boots (worn)
 K - the +0 pair of gloves "Giefa" (worn) {Str+4 Slay+2}
   (You found it on level 13 of the Dungeon)

   It affects your strength (+4).
   It affects your accuracy and damage with ranged weapons and melee attacks
   (+2).
 O - a +0 hat of intelligence (worn)
 R - a +4 scale mail of cold resistance
 Z - a scarf of resistance (worn)
Jewellery
 a - the ring "Daykhib" {rElec AC+4 Str+4 Int-2}
   (You bought it in a shop on level 2 of the Orcish Mines)

   [ring of protection]

   It affects your AC (+4).
   It affects your strength (+4).
   It affects your intelligence (-2).
   It insulates you from electricity.
 i - a +4 ring of slaying (left hand)
 y - the amulet of Epuilunn (around neck) {Acrobat Fragile rPois rF+ Int+6}
   (You found it on level 6 of the Lair of Beasts)

   [amulet of the acrobat]

   It helps you evade while moving and waiting.
   It affects your intelligence (+6).
   It protects you from fire.
   It protects you from poison.
   It will be destroyed if unequipped.
 E - a ring of willpower
 N - the ring "Ysecihith" (right hand) {rElec rC++ Will- Slay+2 SInv}
   (You acquired it on level 12 of the Dungeon)

   [ring of see invisible]

   It affects your accuracy and damage with ranged weapons and melee attacks
   (+2).
   It greatly protects you from cold.
   It insulates you from electricity.
   It affects your willpower, your defense against some magical effects.
   It lets you see invisible.
 W - a ring of resist corrosion
Wands
 s - a wand of paralysis (4)
 v - a wand of iceblast (2)
 z - a wand of charming (5)
 S - a wand of digging (8)
 U - a wand of acid (18)
 V - a wand of flame (11)
Scrolls
 b - 4 scrolls of fear
 e - 20 scrolls of identify
 f - 15 scrolls of teleportation
 j - a scroll of enchant weapon
 n - 2 scrolls of fog
 x - 7 scrolls of vulnerability
 C - 3 scrolls of blinking
 I - 5 scrolls of magic mapping
 M - 4 scrolls of immolation
 P - 4 scrolls of enchant armour
Potions
 c - 4 potions of magic
 d - 19 potions of curing
 g - 8 potions of flight
 h - 5 potions of resistance
 l - 9 potions of ambrosia
 m - 2 potions of invisibility
 u - 11 potions of haste
 B - 2 potions of might
 H - 7 potions of mutation
 J - 3 potions of lignification
Miscellaneous
 p - a condenser vane (inert)
 q - a box of beasts
 A - a phial of floods
 Q - a phantom mirror
 Y - a tin of tremorstones (inert)


   Skills:
 * Level 22.4 Fighting
 - Level 26.0 Axes
 + Level 21.5 Armour
 + Level 16.1 Dodging
 + Level 12.2 Evocations


You had 21 spell levels left.
You didn't know any spells.
Your spell library was empty.

Dungeon Overview and Level Annotations

Branches:
Dungeon (15/15)            Temple (0/1) D:7            Lair (6/6) D:10
 Shoals (4/4) Lair:3       Spider (4/4) Lair:3        Slime (0/5) Lair:6
    Orc (2/2) D:11            Elf (3/3) Orc:2        Vaults (4/5) D:13
  Crypt (0/3) Vaults:3     Depths (0/5) D:15          Sewer (visited)
 Bailey (visited)         Volcano (visited)         Gauntlet (visited)

Altars:
Ashenzari
Dithmenos
Gozag
Hepliaklqana
Makhleb
Okawaru
Ru
Trog
Wu Jian
Beogh
Jiyva

Shops:
D:8 =(   Orc:1 *   Orc:2 *:[*[([[[   Elf:1 :=:*   Shoals:2 :   Shoals:4 [
Vaults:2 ?

Annotations:
D:7 2 transporters, Grognak's ghost, novice TrCK
Lair:3 exclusion: 4 oklob plants
Lair:6 1 runed translucent door
Elf:2 3 runed translucent doors
Elf:3 1 exclusion


Innate Abilities, Weirdness & Mutations

You have a pair of horns on your head.
You reflexively headbutt those who attack you in melee.


Message History

You take 17 damage, and have 48/212 hp.
The orc warlord completely misses you.
There is an open door here.
You regained 2 hp, and now have 51/212 hp.
You close the door.
Something unseen opens the door.
You regained 2 hp, and now have 54/212 hp.
You regained 2 hp, and now have 57/212 hp.
The tremorstone explodes into fragments!
The burst of rock shards engulfs the orc knight.
The burst of rock shards engulfs the orc warlord.
The burst of rock shards engulfs the orc knight but does no damage.
The burst of rock shards engulfs the orc warlord but does no damage.
Trog accepts your kill.
Trog appreciates your killing of a magic user.
You feel a bit more experienced.
The burst of rock shards engulfs the orc warlord but does no damage.
The burst of rock shards engulfs the orc knight.
The burst of rock shards engulfs you but does no damage.
The burst of rock shards engulfs the orc knight but does no damage.
The burst of rock shards engulfs the orc warlord!
The orc warlord hits you from afar with a +4 vorpal glaive!
* * * LOW HITPOINT WARNING * * *
x2 The tremorstone explodes into fragments!
The burst of rock shards engulfs the orc warlord but does no damage.
The burst of rock shards engulfs the orc knight.
The burst of rock shards engulfs the orc warlord.
The burst of rock shards engulfs the orc knight.
The burst of rock shards engulfs you but does no damage.
The burst of rock shards engulfs the orc knight.
The burst of rock shards engulfs the orc warlord but does no damage.
The burst of rock shards engulfs the orc warlord.
The burst of rock shards engulfs the orc knight!
The tin is emptied!
The orc warlord hits you from afar with a +4 vorpal glaive!!
* * * LOW HITPOINT WARNING * * *
x2 You take 42 damage, and have 15/214 hp.
You feel much better.
The orc warlord hits you from afar with a +4 vorpal glaive!!!
* * * LOW HITPOINT WARNING * * *
You die...

#....)[)#uppu.#
#....)))#ou...#
#######[#oo...#
#.....)('pT...#
#.....#'#######
#.....#u......#
#.... #.o.....#
#.... #.o.....#
#... #.@.....#
#... #.......#
###+#####
##...# ##....#
##.....#
#..<..##
#.....##
#.....##


You could see an orc warlord (strong), an orc knight (strong) and a brown ugly
thing (summoned).

Vanquished Creatures
  The ghost of Mycling the Warrior, a veteran DsFi of Okawaru (Vaults:2)
  Arachne (Spider:3)
  The ghost of Ugeaw the Slayer, an adept OgEn of Okawaru (Vaults:2)
  Jorgrun (Shoals:2)
  2 deep elf master archers (Elf:3)
  2 tengu reavers
  2 krakens
  Agnes (Spider:3)
  Ilsuiw (Shoals:2)
  A fire giant (D:15)
  An orc warlord (Vaults:2)
  9 deep elf sorcerers (Elf:3)
  9 vault wardens
  Aizul (Shoals:3)
  2 frost giants
  6 ghost moths
  12 emperor scorpions
  5 deep elf elementalists (Elf:3)
  9 very ugly things
  13 ironbound preservers
  7 deep elf annihilators (Elf:3)
  A minotaur (Gauntlet)
  10 dire elephants
  6 deep elf demonologists (Elf:3)
  An entropy weaver (Spider:1)
  A spark wasp (Spider:4)
  8 deep elf death magi
  The ghost of Cheivey the Fighter, a journeyman MiFi of Hepliaklqana (D:13)
  6 merfolk javelineers
  18 merfolk impalers
  3 deep elf high priests
  6 yaktaur captains
  3 great orbs of eyes
  3 hydras
  8 vault guards
  6 boulder beetles
  8 ironbound thunderhulks
  7 ironbound frosthearts
  An anaconda (Lair:6)
  10 centaur warriors
  3 satyrs
  4 alligator snapping turtles
  5 merfolk aquamancers
  3 ogre magi
  8 merfolk avatars
  8 death yaks
  11 dancing weapons
  3 death knights
  13 two-headed ogres
  3 tengu warriors
  4 ironbound beastmasters
  A thrashing horror (Gauntlet)
  2 orc high priests
  Urug (D:10)
  14 deep elf knights
  A shadow wraith (Vaults:3)
  2 skeletal warriors (D:13)
  3 sixfirhies (Gauntlet)
  7 sea snakes
  A fire crab (Volcano)
  3 unseen horrors
  2 glowing orange brains (Vaults:3)
  27 deep trolls
  A lindwurm (shapeshifter) (D:15)
  16 deep elf archers
  5 wizards
  3 phantasmal warriors
  11 ironbound convokers
  2 lindwurms
  28 harpies
  2 necromancers
  4 orc knights
  26 deep elf pyromancers
  27 deep elf zephyrmancers
  23 ugly things
  15 orb spiders
  A stone giant zombie (Vaults:3)
  27 wolf spiders
  10 cyclopes
  4 fauns (Shoals:2)
  12 manticores
  12 merfolk sirens
  Joseph (D:10)
  3 centaur zombies
  A moth of wrath (Spider:1)
  4 water nymphs
  8 vault sentinels
  2 black mambas
  18 elephants
  A torpor snail (Spider:4)
  A molten gargoyle (Volcano)
  A minotaur zombie (Gauntlet)
  12 cane toads
  A yaktaur zombie (Vaults:3)
  9 komodo dragons
  3 kobold demonologists
  A tengu conjurer (D:15)
  A freezing wraith (D:13)
  23 yaktaurs
  5 rime drakes
  An efreet (D:13)
  7 demonic crawlers
  27 merfolk
  23 jumping spiders
  14 trolls
  8 wind drakes
  3 polar bears
  10 hornets
  26 slime creatures
  4 dream sheep (Shoals:1)
  21 blink frogs
  5 snapping turtles
  3 air elementals (Elf:3)
  6 wyverns
  A wraith (D:14)
  A shadow (D:13)
  47 redbacks
  29 tarantellas
  15 water elementals
  41 yaks
  A vampire (D:14)
  2 humans (D:8)
  15 fire bats (Volcano)
  7 basilisks
  3 small abominations (Gauntlet)
  A steam dragon (Lair:3)
  7 vampire mosquitoes
  2 acid dragons
  A soldier ant (D:13)
  2 hell hounds (Volcano)
  7 wargs
  11 water moccasins
  Duvessa (D:7)
  4 black bears
  An ice beast (D:13)
  35 orc warriors
  A sky beast (D:6)
  A necrophage (D:10)
  11 boggarts
  25 ogres
  18 wolves
  12 centaurs
  4 phantoms
  8 kobold brigands
  17 bullfrogs
  An earth elemental (Elf:1)
  A human skeleton (Vaults:3)
  4 scorpions
  Dowan (D:7)
  8 wights
  8 electric eels
  4 howler monkeys
  2 bullfrog zombies
  4 lava snakes (Volcano)
  10 hounds
  18 orc priests
  Crazy Yiuf (D:7)
  4 jellies
  3 centaur skeletons
  3 bullfrog skeletons
  9 worker ants
  3 iguanas
  29 orc wizards
  2 hound skeletons
  A howler monkey zombie (D:9)
  2 worker ant zombies
  7 gnolls (D:4)
  2 river rats (Sewer)
  13 adders
  A shadow imp (D:8)
  A white imp (D:9)
  2 ufetubi
  3 oozes
  An adder skeleton (D:9)
  9 worms
  2 dart slugs (D:1)
  A leopard gecko (D:8)
  109 orcs
  8 bats
  6 giant cockroaches
  10 goblins
  12 hobgoblins
  10 jackals
  8 quokkas
  7 ball pythons
  7 frilled lizards
  29 kobolds
  2 quokka skeletons
  15 rats
  7 tentacles
1526 creatures vanquished.

Vanquished Creatures (collateral kills)
  Polyphemus (Shoals:3)
  A deep elf demonologist (Elf:3)
  A merfolk javelineer (Shoals:3)
  A deep elf high priest (Elf:3)
  4 hydras
  A catoblepas (Shoals:3)
  3 death yaks
  A two-headed ogre (Orc:2)
  A deep troll (Orc:2)
  A deep elf zephyrmancer (Elf:3)
  An elephant (Lair:2)
  A water nymph (Shoals:3)
  A cane toad (Lair:2)
  2 merfolk (Shoals:3)
  3 blink frogs (Lair:6)
  A water elemental (Shoals:3)
  An ogre (D:4)
  2 bullfrogs
27 creatures vanquished.

Vanquished Creatures (others)
  A deep elf knight (Elf:1)
  A deep elf zephyrmancer (Elf:3)
  A wyvern (D:15)
  An orc warrior (Bailey)
  An orc priest (D:13)
  An orc (D:13)
  A bush (Lair:2)
  37 fungi
  156 plants
  9 tentacles
  6 withered plants (Vaults:2)
215 creatures vanquished.

Grand Total: 1768 creatures vanquished

Notes
Turn   | Place    | Note
-------+----------+-------------------------------------------
     0 | D:1      | jasper the Minotaur Berserker began the quest for the Orb.
     0 | D:1      | Reached XP level 1. HP: 19/19 MP: 0/0
    98 | D:1      | Reached skill level 4 in Axes
   543 | D:1      | Reached XP level 2. HP: 14/26 MP: 1/1
  1578 | D:1      | Reached skill level 5 in Axes
  1952 | D:2      | Found a broken altar of Ashenzari.
  1968 | D:2      | Reached XP level 3. HP: 31/31 MP: 2/2
  2027 | D:2      | Reached ** piety under Trog
  2769 | D:2      | Reached skill level 6 in Axes
  2769 | D:2      | Reached XP level 4. HP: 39/39 MP: 3/3
  3391 | D:3      | Found a glowing drain.
  3440 | Sewer    | Entered a sewer
  3603 | Sewer    | Noticed a kobold brigand
  3613 | Sewer    | Killed a kobold brigand
  3614 | Sewer    | Reached skill level 7 in Axes
  3614 | Sewer    | Reached XP level 5. HP: 45/45 MP: 4/4
  3753 | Sewer    | Reached skill level 8 in Axes
  4096 | Sewer    | Reached XP level 6. HP: 51/51 MP: 5/5
  4546 | Sewer    | Reached *** piety under Trog
  4635 | Sewer    | Reached skill level 9 in Axes
  4977 | D:3      | Reached XP level 7. HP: 57/57 MP: 6/6
  5750 | D:4      | Reached skill level 10 in Axes
  6145 | D:4      | Reached **** piety under Trog
  6443 | D:4      | Found a burning altar of Makhleb.
  6683 | D:4      | Reached skill level 11 in Axes
  6699 | D:4      | Found an opulent altar of Gozag.
  6708 | D:4      | Found a sacrificial altar of Ru.
  6779 | D:5      | Entered Level 5 of the Dungeon
  7010 | D:5      | Reached XP level 8. HP: 59/64 MP: 7/7
  7209 | D:5      | Found a bloodstained altar of Trog.
  7347 | D:6      | Reached skill level 12 in Axes
  7867 | D:6      | Reached skill level 13 in Axes
  8254 | D:6      | Found a shadowy altar of Dithmenos.
  8389 | D:7      | Noticed Dowan
  8403 | D:7      | Killed Dowan
  8407 | D:7      | Noticed Duvessa
  8416 | D:7      | Killed Duvessa
  8417 | D:7      | Reached XP level 9. HP: 70/70 MP: 8/8
  8573 | D:7      | Found a transporter.
  8584 | D:7      | Noticed Grognak's ghost (novice TrCK)
  8599 | D:7      | Identified the +7 spear "Murmur" {elec, rPois rC- rN+
                  | Dex+3}
  8599 | D:7      | Identified the -6 kite shield of Dishonesty {Str+7}
  8648 | D:7      | Found a staircase to the Ecumenical Temple.
  8657 | D:7      | Reached skill level 14 in Axes
  8688 | D:7      | Found a hazy altar of Hepliaklqana.
  8827 | D:7      | Found a runed translucent door.
  8828 | D:7      | Noticed Crazy Yiuf
  9037 | D:7      | Found a transporter.
  9038 | D:7      | Identified the ring of Etwoiloc {Fire +Fly Will++ Dex+4
                  | SInv}
  9189 | D:7      | Killed Crazy Yiuf
  9365 | D:8      | Reached skill level 5 in Fighting
  9631 | D:8      | Noticed a two-headed ogre
  9637 | D:8      | Killed a two-headed ogre
  9641 | D:8      | Found Oshuan's Jewellery Boutique.
  9822 | D:8      | Found an iron altar of Okawaru.
 10155 | D:8      | Reached skill level 10 in Fighting
 10180 | D:8      | Found Koahaepp's Antique Weapon Emporium.
 10237 | D:9      | Reached XP level 10. HP: 79/93 MP: 7/9
 10246 | D:9      | Reached skill level 5 in Armour
 10674 | D:9      | Reached ***** piety under Trog
 10792 | D:9      | Identified the +0 pair of boots of Knowledge {Dex+2}
 11624 | D:10     | Entered Level 10 of the Dungeon
 11667 | D:10     | Noticed an elephant
 11775 | D:10     | Killed an elephant
 11906 | D:10     | Found a staircase to the Lair.
 12160 | D:10     | Noticed Urug
 12171 | D:10     | Killed Urug
 12186 | D:10     | Noticed a two-headed ogre
 12192 | D:10     | Noticed Joseph
 12561 | D:10     | Killed Joseph
 12720 | D:10     | Reached skill level 10 in Armour
 13078 | D:10     | Killed a two-headed ogre
 13378 | D:10     | Reached skill level 5 in Dodging
 13622 | D:11     | Noticed a purple ugly thing
 13665 | Lair:1   | Entered Level 1 of the Lair of Beasts
 13702 | Lair:1   | Reached XP level 11. HP: 97/99 MP: 10/10
 14569 | Lair:2   | Noticed a seven-headed hydra
 14935 | Lair:2   | Noticed an eight-headed hydra
 15162 | Lair:2   | Noticed a five-headed hydra
 15166 | Lair:1   | Killed a five-headed hydra
 15447 | Lair:2   | Reached skill level 10 in Dodging
 15719 | Lair:2   | Killed a seven-headed hydra
 15858 | Lair:2   | Killed an eight-headed hydra
 16161 | Lair:2   | Reached XP level 12. HP: 92/106 MP: 9/11
 16297 | Lair:2   | You fall into a shaft and drop 2 floors!
 16307 | Lair:4   | Reached skill level 15 in Axes
 16972 | Lair:3   | Reached skill level 16 in Axes
 16977 | Lair:3   | Reached skill level 1 in Evocations
 17276 | Lair:3   | Found a hole to the Spider Nest.
 17739 | Lair:3   | Found a staircase to the Shoals.
 18055 | Lair:3   | Found the +8 demon trident "Rift" {distort, reach+}
 18221 | Lair:4   | Reached skill level 5 in Evocations
 18388 | Lair:4   | Noticed a boulder beetle
 18624 | Lair:4   | Killed a boulder beetle
 19416 | Lair:5   | Noticed a death yak
 19416 | Lair:5   | Noticed a death yak
 19416 | Lair:5   | Noticed a death yak
 19425 | Lair:5   | Killed a death yak
 19426 | Lair:5   | Reached XP level 13. HP: 96/118 MP: 9/12
 20078 | Lair:5   | Found a dark tunnel.
 20085 | Volcano  | Entered a volcano
 20269 | Volcano  | Found a burning altar of Makhleb.
 21390 | Lair:6   | Entered Level 6 of the Lair of Beasts
 21611 | Lair:6   | Reached skill level 15 in Fighting
 21668 | Lair:6   | Found a runed translucent door.
 21668 | Lair:6   | Found a viscous altar of Jiyva.
 21671 | Lair:6   | Found a staircase to the Slime Pits.
 22771 | Lair:6   | Reached XP level 14. HP: 81/135 MP: 8/13
 24026 | Lair:6   | Identified the amulet of Epuilunn {Acrobat Fragile rPois
                  | rF+ Int+6}
 25150 | D:11     | Found a staircase to the Orcish Mines.
 25517 | D:11     | Received a gift from Trog
 25518 | D:11     | Found the +8 frozen axe "Frostbite" {freezing cloud, *Noise
                  | +Fly rC+}
 25792 | D:11     | Reached skill level 15 in Armour
 26039 | Orc:1    | Entered Level 1 of the Orcish Mines
 26523 | Orc:2    | Entered Level 2 of the Orcish Mines
 26560 | Orc:2    | Found Gieguup's Antique Armour Boutique.
 26917 | Orc:2    | Found Fuoleuck's Assorted Antiques.
 26925 | Orc:2    | Bought a heavily runed amber ring for 110 gold pieces
 26925 | Orc:2    | Identified the ring "Daykhib" {rElec AC+4 Str+4 Int-2} (You
                  | bought it in a shop on level 2 of the Orcish Mines)
 27010 | Orc:2    | Bought a fine plate armour for 672 gold pieces
 27010 | Orc:2    | Identified the +1 plate armour of Rotation {rElec rF+
                  | Int+5} (You bought it in a shop on level 2 of the Orcish
                  | Mines)
 27278 | Orc:2    | Reached skill level 17 in Axes
 27334 | Orc:2    | Found a staircase to the Elven Halls.
 27828 | Orc:2    | Found Ashruobb's Antique Armour Boutique.
 27829 | Orc:2    | Found Cynuzoul's Weapon Shop.
 27835 | Orc:2    | Found Diwn's Antique Armour Shoppe.
 27841 | Orc:2    | Found Suitulup's Armour Boutique.
 27844 | Orc:2    | Bought a pair of spiked gloves for 247 gold pieces
 27844 | Orc:2    | Identified the -1 pair of gloves of Courage {Str-4 Int+3
                  | SInv} (You bought it in a shop on level 2 of the Orcish
                  | Mines)
 28006 | Orc:2    | Reached skill level 18 in Axes
 28245 | Orc:2    | Found Siroeduk's General Store.
 28248 | Orc:2    | Found Puojoulirchy's Book Emporium.
 28269 | Orc:2    | Reached ****** piety under Trog
 28280 | Orc:2    | Found Ipatech's Antique Armour Boutique.
 28563 | Orc:2    | Bought a condenser vane for 880 gold pieces
 28652 | Orc:1    | Received a gift from Trog
 28826 | Orc:1    | Found Inanlewu's Assorted Antiques.
 28839 | Orc:1    | Bought a scroll of blinking for 195 gold pieces
 29090 | D:12     | Identified a scroll of acquirement
 29090 | D:12     | Acquired the ring "Ysecihith" {rElec rC++ Will- Slay+2
                  | SInv}
 29496 | D:12     | Reached XP level 15. HP: 131/141 MP: 14/14
 29531 | D:12     | Found an opulent altar of Gozag.
 29767 | Orc:2    | Bought a +2 pair of gloves for 231 gold pieces
 30238 | D:13     | Found a runed translucent gate.
 30242 | D:13     | Found a runed translucent gate.
 30243 | D:13     | Found a runed translucent gate.
 30273 | D:13     | Noticed Cheivey's ghost (journeyman MiFi)
 30367 | D:13     | Found a gate to the Vaults.
 30523 | D:13     | Reached skill level 19 in Axes
 30725 | D:13     | Identified the +7 broad axe of Insomnia {vorpal, rC+}
 30764 | D:13     | Received a gift from Trog
 30765 | D:13     | Killed Cheivey's ghost
 30803 | D:13     | Identified the +0 pair of gloves "Giefa" {Str+4 Slay+2}
 31458 | D:14     | Found a flagged portal.
 31474 | D:14     | Reached skill level 20 in Axes
 31487 | Bailey   | Entered a bailey
 31728 | Bailey   | Received a gift from Trog
 31740 | Bailey   | Identified the +1 bardiche of Fedhas's Castigation {vorpal,
                  | Will+ Str-4 Int+6}
 31761 | Bailey   | Acquired a manual of Axes
 32326 | D:15     | Entered Level 15 of the Dungeon
 32403 | D:15     | Found a gate leading to a gauntlet.
 32415 | Gauntlet | Entered a Gauntlet
 32415 | Gauntlet | Found a transporter.
 32442 | Gauntlet | Found a transporter.
 32457 | Gauntlet | Found a transporter.
 32461 | Gauntlet | Found a transporter.
 32471 | Gauntlet | Found a transporter.
 32488 | Gauntlet | Found a runed translucent door.
 32492 | Gauntlet | Found a transporter.
 32496 | Gauntlet | Found a transporter.
 32499 | Gauntlet | Found a transporter.
 32522 | Gauntlet | Found a transporter.
 32539 | Gauntlet | Found a transporter.
 32543 | Gauntlet | Found a transporter.
 32551 | Gauntlet | Found a transporter.
 32617 | Gauntlet | Identified the ring "Naef" {MP+9 Int+4}
 32635 | Gauntlet | Reached skill level 21 in Axes
 32652 | Gauntlet | Identified the +0 cloak of Kostralot {Harm rPois}
 32842 | D:15     | Found a staircase to the Depths.
 32842 | D:15     | Noticed a fire giant
 32854 | D:15     | Killed a fire giant
 32982 | D:15     | Reached skill level 22 in Axes
 33162 | D:15     | Found an ornate altar of the Wu Jian Council.
 33681 | Spider:1 | Entered Level 1 of the Spider Nest
 33850 | Spider:1 | Noticed a ghost moth
 33857 | Spider:1 | Killed a ghost moth
 34050 | Spider:1 | Reached XP level 16. HP: 145/149 MP: 15/15
 34151 | Spider:1 | Reached skill level 23 in Axes
 34160 | Spider:1 | Received a gift from Trog
 34779 | Spider:1 | Identified the +4 battleaxe of Hoxuno {vamp, rPois rC+
                  | Will+}
 35292 | Spider:2 | Reached skill level 24 in Axes
 36718 | Spider:3 | Noticed Arachne
 36728 | Spider:3 | Killed Arachne
 37262 | Spider:3 | Noticed Agnes
 37268 | Spider:3 | Killed Agnes
 37563 | Spider:4 | Entered Level 4 of the Spider Nest
 37575 | Spider:4 | Identified the +11 battleaxe of Exquisite Torment {vorpal,
                  | Int+3} (Trog gifted it to you on level 4 of the Spider
                  | Nest)
 37575 | Spider:4 | Received a gift from Trog
 37583 | Spider:4 | Reached skill level 25 in Axes
 38405 | Spider:4 | Reached XP level 17. HP: 156/156 MP: 16/16
 39558 | Spider:4 | Reached skill level 26 in Axes
 39959 | Spider:4 | Got a gossamer rune of Zot
 40151 | Shoals:1 | Entered Level 1 of the Shoals
 40280 | Shoals:1 | Received a gift from Trog
 41097 | Shoals:2 | Noticed Jorgrun
 41116 | Shoals:2 | Killed Jorgrun
 41595 | Shoals:2 | Found Diecucs's Book Shop.
 41645 | Shoals:2 | Noticed Ilsuiw
 41676 | Shoals:2 | Noticed a kraken
 41702 | Shoals:2 | Killed Ilsuiw
 41709 | Shoals:2 | Killed a kraken
 42151 | Shoals:3 | Noticed Polyphemus
 42171 | Shoals:3 | Killed Polyphemus
 42366 | Shoals:3 | Noticed Aizul
 42382 | Shoals:3 | Killed Aizul
 42527 | Shoals:3 | Reached XP level 18. HP: 168/168 MP: 17/17
 42817 | Shoals:3 | Received a gift from Trog
 43045 | Shoals:3 | Reached XP level 19. HP: 59/174 MP: 18/18
 43634 | Shoals:4 | Entered Level 4 of the Shoals
 44374 | Shoals:4 | Received a gift from Trog
 44772 | Shoals:4 | Found Recrocw's Armour Emporium.
 45209 | Shoals:4 | Identified the +6 triple sword "Zaawa" {elec, *Slow rF+++
                  | Int+7}
 45423 | Shoals:4 | Got a barnacled rune of Zot
 45635 | Elf:1    | Entered Level 1 of the Elven Halls
 45663 | Elf:1    | Received a gift from Trog
 45753 | Elf:1    | Found Sofip's General Store.
 45763 | Elf:1    | Found a flickering gateway to a bazaar.
 45764 | Elf:1    | Found Xoem's Jewellery Boutique.
 45803 | Bazaar   | Entered a bazaar
 45803 | Bazaar   | Found Ruejeilo's Distillery.
 45835 | Bazaar   | Found Kaet's Antique Armour Shoppe.
 45839 | Bazaar   | Found Icitzisi's Antique Armour Emporium.
 45846 | Bazaar   | Found Ruiz's Distillery.
 45856 | Bazaar   | Bought a potion of haste for 80 gold pieces
 45856 | Bazaar   | Bought a potion of curing for 24 gold pieces
 45856 | Bazaar   | Bought a potion of curing for 24 gold pieces
 45856 | Bazaar   | Bought a potion of curing for 24 gold pieces
 45893 | Bazaar   | Bought a potion of curing for 57 gold pieces
 45893 | Bazaar   | Bought a potion of curing for 57 gold pieces
 45893 | Bazaar   | Bought a potion of haste for 190 gold pieces
 45893 | Bazaar   | Bought a potion of haste for 190 gold pieces
 45929 | Elf:1    | Found Dudghi Saex's Book Emporium.
 45962 | Elf:1    | Found Dosui's Book Boutique.
 46836 | Elf:2    | Received a gift from Trog
 47219 | Elf:2    | Found a runed translucent gate.
 47219 | Elf:2    | Found a runed translucent gate.
 47230 | Elf:2    | Found a runed translucent gate.
 47408 | Elf:3    | Entered Level 3 of the Elven Halls
 47547 | Elf:3    | Noticed a Brimstone Fiend
 47552 | Elf:3    | Reached XP level 20. HP: 179/189 MP: 19/19
 48158 | Elf:3    | Received a gift from Trog
 48929 | Elf:3    | Reached skill level 10 in Evocations
 49952 | Elf:3    | Received a gift from Trog
 50050 | Elf:3    | Identified the +3 scimitar "Dacokuh" {drain, +Fly}
 50052 | Elf:3    | Found the +7 pair of quick blades "Gyre" and "Gimble"
                  | {protect}
 50088 | Elf:3    | Found the +11 plutonium sword {*Contam Stlth-}
 50107 | Elf:3    | Identified the -1 helmet "Riuzuerr" {rC+}
 50688 | Vaults:1 | Entered Level 1 of the Vaults
 51229 | Vaults:1 | Received a gift from Trog
 51260 | Vaults:1 | Reached XP level 21. HP: 46/202 MP: 20/20
 52283 | Vaults:1 | Reached skill level 15 in Dodging
 52525 | Vaults:1 | Received a gift from Trog
 54375 | Vaults:2 | Received a gift from Trog
 54604 | Vaults:2 | Found Ykupn's Magic Scroll Boutique.
 55055 | Vaults:2 | Noticed Ugeaw's ghost (adept OgEn)
 55056 | Vaults:2 | Found a runed translucent gate.
 55056 | Vaults:2 | Found a runed translucent gate.
 55056 | Vaults:2 | Noticed Mycling's ghost (veteran DsFi)
 55057 | Vaults:2 | Found a runed translucent gate.
 55462 | Vaults:2 | Killed Mycling's ghost
 55463 | Vaults:2 | Killed Ugeaw's ghost
 56228 | Vaults:3 | Reached XP level 22. HP: 215/215 MP: 21/21
 57024 | Vaults:3 | Found a staircase to the Crypt.
 57256 | Vaults:4 | Received a gift from Trog
 57275 | Vaults:4 | HP: 6/214 [orc warlord/+4 vorpal glaive (36)]
 57275 | Vaults:4 | Slain by an orc warlord

Illustrated notes

Levels and vault maps discovered:
D:1:      matt_arrival_refuge, layout_basic
D:2:      layout_basic, minmay_door_square, ashenzari_altar_1
D:3:      layout_basic, portal_sewer_entry_c, minmay_pentangle
D:4:      layout_basic, makhleb_heckhound_becter,
          amethyst_overflow_temple_binary
D:5:      layout_rooms, kennysheep_mini_moat
D:6:      layout_basic, grunt_dithmenos_shadows
D:7:      layout_loops_cross, nicolae_hepliaklqana_hazy_memory,
          minmay_temple_entry_statues_fountains, gammafunk_ghost_gnarly_gnolls,
          uniq_duvessa, uniq_crazy_yiuf_cottage
D:8:      layout_cave_pools, okawaru_humans, serial_shops, nicolae_shop_trees,
          kennysheep_windowed_goal
D:9:      layout_loops_ring, serial_bayou, serial_bayou_pond_e,
          serial_bayou_lake_a, serial_bayou_pond_c, serial_bayou_shore_a,
          serial_bayou_lagoon_a
D:10:     layout_cave_pools, david_lair_generic, item_on_display_a, uniq_joseph,
          uniq_urug
D:11:     layout_basic, minmay_orc_entry_temple_small
D:12:     layout_loops_ring, grunt_gozag_breadcrumbs
D:13:     layout_cave_pools, david_vaults_2, biasface_ghost_orc_armoury,
          minmay_stone_trees_small
D:14:     layout_gridville, minmay_misc_feat_square, enter_bailey_5
D:15:     grunt_enter_depths_giant_problem, layout_loops_ring,
          gauntlet_entry_generic, nicolae_wu_jian_wuxing_cycle
Lair:1:   layout_loops_ring, lemuel_fruit_tree
Lair:2:   layout_cave_shapes, serial_forest, infiniplex_forest_lined_corner,
          infiniplex_forest_clump_cross, infiniplex_forest_clump_cross,
          infiniplex_forest_corner_1, infiniplex_forest_lined_2
Lair:3:   layout_cave_pods, minmay_shoals_entry_lonely_mermaid,
          spider_nest_entry_webs, nicolae_quartered_pool_medium, st_stairs_3,
          lemuel_fruit_fields, minmay_lair_oklob_chamber,
          infiniplex_staircase_pool_2, lemuel_fruit_fields
Lair:4:   layout_long_grid
Lair:5:   layout_cave_pods, nicolae_volcano_entry_hallway,
          grunt_forest_small_clearing_treed
Lair:6:   due_jungle_book, layout_small_grid, slime_altar_2, grunt_megastairs_1
Shoals:1: layout_shoals
Shoals:2: layout_shoals, serial_shops, shop, uniq_ilsuiw, uniq_jorgrun
Shoals:3: layout_shoals, uniq_aizul, uniq_polyphemus
Shoals:4: shoals_end_grunt_ice, layout_shoals, serial_shops, shop
Spider:1: spiders_nest_scorpion_pit, nicolae_spider_webbed_stairs
Spider:2: layout_chambers, drop_trap
Spider:3: layout_spider_delve, uniq_arachne, uniq_agnes
Spider:4: grunt_spider_rune_circles
Orc:1:    layout_caves, serial_shops, shop_statue
Orc:2:    st_orc_open, layout_caves, basic_altar, serial_shops, shop, shop,
          shop_statue, shop, nicolae_shop_crystal
Elf:1:    elf_arrival_002, layout_rooms, serial_shops, bzr_entry_gold,
          nicolae_shop_behind_doors, shop, shop, nicolae_shop_behind_doors,
          hangedman_corner_corridor
Elf:2:    layout_loops_ring
Elf:3:    minmay_elf_hall_four_x, layout_geoelf_castle,
          nicolae_elf_big_sculpture_3
Vaults:1: grunt_vaults_swirl, v_misc_29, nicolae_vaults_network_periphery,
          hangedman_vaults_maws, dpeg_vaults_monster_row,
          nicolae_vaults_network_star, v_misc_22, nicolae_vaults_murderbox,
          ontoclasm_vaults_gateway, ontoclasm_vaults_decontamination,
          nicolae_vaults_hallways_thing, ontoclasm_vaults_pinch,
          vaults_room_large_hall, v_misc_16, layout_vaults_maze_bifur
Vaults:2: gammafunk_vaults_ghost_cemetery, hangedman_vaults_slither,
          nicolae_vaults_little_squares_1, v_rooms_3, v_rooms_4,
          dpeg_vaults_monster_box, v_pattern_1, ontoclasm_vaults_chip,
          ontoclasm_vaults_shout, vaults_dpeg_diagonal, layout_vaults_omnigrid,
          serial_shops, nicolae_shop_trees
Vaults:3: blue_anna_dwarven_crypt, ontoclasm_vaults_fault, v_misc_25,
          grunt_vaults_trifunnel, vaults_room_large_hall, v_alt_pattern_1,
          hangedman_vaults_restitches, v_misc_26, hangedman_vaults_nails,
          vaults_standard_mumra_x, layout_vaults_big_cross
Vaults:4: hangedman_vaults_stream, nicolae_vaults_border_crossing, v_rooms_4,
          v_pattern_3, nicolae_vaults_diagonal_hallway_8, vaults_dpeg_ring,
          nicolae_vaults_little_squares_6, st_hourglassy, v_misc_8,
          v_alt_pattern_2, vaults_mumra_minichess_inversion,
          hangedman_vaults_corner_blocks, vaults_room_large_hall,
          vaults_room_pools, layout_vaults_ring, serial_shops,
          nicolae_shop_behind_doors, uniq_margery

Skill      XL: |  1  2  3  4  5  6  7  8  9 10 11 12 13 14 15 16 17 18 19 20 21 22 |
---------------+-------------------------------------------------------------------+-----
Axes           | 4 5 6 7 8 9 11 13 14 16 18 22 25 26 | 26.0
Fighting       | 10 12 15 16 18 20 22 | 22.4
Armour         | 4 10 12 15 16 18 20 21 | 21.5
Dodging        | 5 11 12 13 14 15 16 | 16.1
Evocations     | 6 7 9 10 12 | 12.2

Action                   |  1- 3 |  4- 6 |  7- 9 | 10-12 | 13-15 | 16-18 | 19-21 | 22-24 || total
-------------------------+-------+-------+-------+-------+-------+-------+-------+-------++-------
Melee: Hand axe          |    67 |   166 |   308 |       |       |       |       |       ||   541
       Headbutt          |     8 |    30 |    78 |    96 |   301 |   149 |   274 |    19 ||   955
       War axe           |       |       |    33 |   442 |   777 |       |       |       ||  1252
       Battleaxe         |       |       |       |       |   263 |   242 |   542 |       ||  1047
       Morningstar       |       |       |       |       |     2 |       |       |       ||     2
       Executioner's axe |       |       |       |       |    22 |   313 |   346 |    68 ||   749
Throw: Stone             |    79 |    81 |   130 |    37 |       |       |       |       ||   327
       Dart              |       |       |     6 |    12 |    66 |    13 |       |       ||    97
       Javelin           |       |       |     1 |       |       |     3 |    23 |       ||    27
       Boomerang         |       |       |       |    45 |       |       |       |       ||    45
Invok: Berserk           |     1 |     2 |     4 |     4 |     7 |       |     1 |       ||    19
       Trog's Hand       |       |     3 |     4 |     2 |     9 |     5 |    18 |     1 ||    42
       Brothers in Arms  |       |       |     1 |     6 |     2 |     2 |     3 |       ||    14
Evoke: Wand              |       |       |    13 |    23 |     8 |    10 |    28 |       ||    82
       Phantom mirror    |       |       |       |     2 |       |     1 |       |       ||     3
       Box of beasts     |       |       |       |       |     1 |     1 |       |       ||     2
       Condenser vane    |       |       |       |       |     1 |     5 |     6 |     1 ||    13
       Tin of tremorston |       |       |       |       |       |     2 |     6 |     2 ||    10
  Use: Scroll            |       |     9 |     5 |    11 |     8 |     4 |     6 |       ||    43
       Potion            |       |       |       |     3 |     6 |     4 |     1 |     1 ||    15
 Stab: Paralysed         |       |       |     8 |       |       |       |       |       ||     8
       Invisible         |       |       |       |     1 |     5 |       |       |       ||     6
       Distracted        |       |       |       |       |     1 |       |     1 |       ||     2
       Confused          |       |       |       |       |       |     2 |       |       ||     2
       Petrified         |       |       |       |       |       |     2 |       |       ||     2
       Petrifying        |       |       |       |       |       |     1 |       |       ||     1
Armor: Animal skin       |     8 |       |       |       |       |       |       |       ||     8
       Ring mail         |       |    28 |    20 |       |       |       |       |       ||    48
       Chain mail        |       |       |    59 |    45 |   119 |   302 |   298 |    17 ||   840
       Scale mail        |       |       |       |   165 |   232 |       |       |       ||   397
       Plate armour      |       |       |       |       |    28 |       |       |       ||    28
       Skin              |       |       |       |       |    17 |       |       |       ||    17
Dodge: Dodged            |    44 |    75 |   124 |   253 |   867 |   570 |   648 |    73 ||  2654

Table legend: (Time is in decaauts)
 A = Elapsed time spent in this place.
 B = Non-inter-level travel time spent in this place.
 C = Inter-level travel time spent in this place.
 D = Time resting spent in this place.
 E = Time spent auto-exploring this place.
 F = Levels seen in this place.
 G = Mean time per level.
                   A        B        C        D        E       F      G
               +--------+--------+--------+--------+--------+-----+--------+
         Total |  57203 |  54187 |   3016 |  11548 |  33609 |  43 | 1330.3 |
       Dungeon |  17865 |  16683 |   1182 |   3207 |  10894 |  15 | 1191.0 |
          Lair |  10619 |   9859 |    760 |   2391 |   6075 |   6 | 1769.8 |
        Shoals |   5525 |   5313 |    212 |   1304 |   2760 |   4 | 1381.2 |
   Spider Nest |   6353 |   6129 |    224 |   1451 |   3885 |   4 | 1588.2 |
  Orcish Mines |   2987 |   2734 |    253 |    729 |   1531 |   2 | 1493.5 |
   Elven Halls |   4700 |   4588 |    112 |   1336 |   2351 |   3 | 1566.7 |
        Vaults |   6467 |   6195 |    272 |    802 |   4663 |   4 | 1616.8 |
        Bazaar |    105 |    105 |      0 |      0 |     52 |   1 |  105.0 |
         Sewer |   1426 |   1426 |      0 |     87 |   1090 |   1 | 1426.0 |
        Bailey |    344 |    344 |      0 |      0 |     82 |   1 |  344.0 |
       Volcano |    529 |    529 |      0 |    239 |     63 |   1 |  529.0 |
      Gauntlet |    277 |    277 |      0 |      0 |    159 |   1 |  277.0 |
               +--------+--------+--------+--------+--------+-----+--------+

Top non-repeatable levels by time:
   Elf:3: 3025 daAuts
Vaults:2: 2879 daAuts
     D:9: 2511 daAuts
  Lair:6: 2478 daAuts
  Lair:5: 2167 daAuts
Spider:4: 2041 daAuts
Vaults:1: 1972 daAuts
  Lair:3: 1914 daAuts
  Lair:1: 1895 daAuts
     D:1: 1888 daAuts
Spider:2: 1772 daAuts
    D:11: 1684 daAuts
Shoals:3: 1648 daAuts
Shoals:4: 1616 daAuts
Vaults:3: 1564 daAuts
